cohdb
Replays
Latest Replays
All Replays
Popular Replays
Top Player Replays
Match Explorer
How It Works
Community
CoH3 Stats
Reddit
Sign in to upload your games and track your stats! →
Sign in with Steam
Match 41206199
Unlisted
Match 41206199
Overview
Messages
Build Orders
End
Construct Infanterie Kompanie
Pioneer Squad
MG 42 Machine Gun Team
Grenadier Squad
Grenadier Squad
Sniper
Construct Luftwaffe Kompanie
221 Scout Car
Selects Mechanized Battlegroup
Selects Raid Package
Jäger Squad
Jäger Squad
Forward Retreat Point
Pioneer Squad
Selects StuG Assault Group
Medical Bunker
StuG Assault Group
StuG Assault Group
Selects Mobile Repair Stations
Selects Stoßtruppen Assault Package
Selects Mechanized Assault
MG 42 Machine Gun Team
Pioneer Squad
Support Elements
Marder III M Tank Destroyer
StuG Assault Group
Vlady the Impaler
expoHyde
Mustache and Melons
T.R. sidewinder
flyingpancake
Toađijč in Sanđwijč
0
0
Comments
sign in to comment!
No comments posted yet!